 Dungeon Crawl Stone Soup version 0.22-a0-417-g1387785 (webtiles) character file.

1286 Mgcat the Skirmisher (level 8, -4/64 HPs)
             Began as a Demonspawn Gladiator on May 14, 2018.
             Was a Believer of Wu Jian.
             Slain by a hornet (6 damage)
             ... on level 6 of the Dungeon.
             The game lasted 00:15:35 (5397 turns).

Mgcat the Skirmisher (Demonspawn Gladiator)         Turns: 5397, Time: 00:15:36

Health: -4/64      AC: 10    Str: 21    XL:     8   Next: 30%
Magic:  0/13       EV: 12    Int: 15    God:    Wu Jian [**....]
Gold:   183        SH:  0    Dex: 15    Spells: 12/14 levels left

rFire    . . .     SeeInvis .     - Unarmed
rCold    . . .     Gourm    .   (no shield)
rNeg     . . .     Faith    .   o - +0 ring mail
rPois    .         Spirit   +   a - +1 helmet
rElec    .         Reflect  .   u - scarf {Spirit}
rCorr    .         Harm     .   n - +0 pair of gloves
MR       .....                  (boots unavailable)
Stlth    ..........             (no amulet)
HPRegen  0.20/turn              (no ring)
MPRegen  0.13/turn              (no ring)

@: mighty, brilliant, lethally poisoned (-4 -> -14), slowed, very slow
A: hooves 3, molten scales 1, demonic guardian 1, rot immunity
a: Wall Jump, Renounce Religion


You were on level 6 of the Dungeon.
You worshipped Wu Jian.
Wu Jian was pleased with you.
You were not hungry.

You visited 1 branch of the dungeon, and saw 6 of its levels.
You also visited: Sewer.

You collected 183 gold pieces.

Inventory:

Missiles
 c - 3 throwing nets (quivered) {=f, !d}
Armour
 a - a +1 helmet (worn)
   (You found it on level 4 of the Dungeon)
 h - a +0 shield
   (You found it on level 3 of the Dungeon)
 n - a +0 pair of gloves (worn)
   (You found it on level 1 of the Dungeon)
 o - a +0 ring mail (worn)
   (You found it on level 1 of the Dungeon)
 u - a scarf of spirit shield (worn)
   (You found it on level 4 of the Dungeon)
Wands
 y - a wand of flame (29)
   (You found it on level 6 of the Dungeon)
 A - a wand of digging (11)
   (You found it on level 6 of the Dungeon)
 B - a wand of polymorph (15)
   (You found it on level 6 of the Dungeon)
Scrolls
 e - 12 scrolls of identify {unknown}
 g - 5 scrolls of blinking {unknown}
 i - 2 scrolls of enchant armour {unknown}
 j - 3 scrolls of remove curse {unknown}
 l - 4 scrolls of teleportation {unknown}
 q - 4 scrolls of fear {unknown}
 t - a scroll of enchant weapon {unknown}
 v - a scroll of magic mapping {unknown}
 w - a scroll of fog {unknown}
 C - 2 scrolls of immolation {unknown}
Potions
 b - a potion of might
 f - a potion of cancellation {unknown}
 k - 3 potions of heal wounds
 m - a potion of lignification {unknown}
 p - a potion of agility {unknown}
 r - 3 potions of brilliance
 s - a potion of curing {unknown}
 x - a potion of degeneration {unknown}
Comestibles
 d - 12 rations
 z - 5 chunks of flesh {@w0}


   Skills:
 + Level 6.0 Fighting
 - Level 1.7 Throwing
 - Level 2.6 Dodging
 + Level 5.8 Unarmed Combat
 + Level 3.6 Spellcasting
 + Level 3.6 Translocations


You had 12 spell levels left.
You knew the following spells:

 Your Spells              Type           Power        Failure   Level  Hunger
a - Blink                 Tloc           N/A          1%          2    ##.....

Your spell library contained the following spells:

 Spells                   Type           Power        Failure   Level  Hunger
 Magic Dart               Conj           ##..         4%          1    None
 Conjure Flame            Conj/Fire      ##......     11%         3    ###....
 Slow                     Hex            ##......     5%          2    ##.....
 Mephitic Cloud           Conj/Pois/Air  ##......     11%         3    ###....
 Iskenderun's Mystic Bla  Conj           ##......     30%         4    ####...
 Call Imp                 Summ           ##......     5%          2    ##.....
 Fulminant Prism          Conj/Hex       ##........   30%         4    ####...
 Dazzling Spray           Conj/Hex       ##....       11%         3    ###....
 Force Lance              Conj/Tloc      ###.....     16%         4    ####...
 Searing Ray              Conj           ##....       5%          2    ##.....


Dungeon Overview and Level Annotations

Branches:
Dungeon (6/15)             Temple (0/1) D:4

Altars:
Cheibriados
Dithmenos
Nemelex Xobeh
Qazlal
Wu Jian
Xom
Yredelemnul
The Shining One

Shops:
D:6 !


Innate Abilities, Weirdness & Mutations

You have hooves in place of feet.
You are partially covered in molten scales. (AC +2)
A weak demonic guardian rushes to your aid.
You are immune to rotting.


Message History

z - 2 chunks of flesh {@w0} You see here a leopard gecko skeleton. x2
Eating one of 2 chunks of flesh {@w0}.
You eat one of the 2 chunks of flesh {@w0}.
This raw flesh tastes terrible.
d - 12 rations (gained 1)
You see here a hand axe.
y - a wand of flame (29)
A bullfrog comes into view.
The bullfrog gives a loud, deep croak!
You see here 7 gold pieces.
You now have 164 gold pieces (gained 7).
You closely miss the bullfrog.
Your quasit barely misses the bullfrog.
Your quasit closely misses the bullfrog.
Your quasit barely misses the bullfrog.
The bullfrog closely misses you.
You punch the bullfrog! You kick the bullfrog!
The bullfrog is severely wounded.
Your quasit bites the bullfrog.
Your quasit barely misses the bullfrog.
Your quasit claws the bullfrog.
The bullfrog completely misses your quasit.
You spin and attack the bullfrog.
You strike the helpless bullfrog from behind!
You hit the bullfrog.
The bullfrog is almost dead.
Your quasit bites the bullfrog.
The bullfrog dies!
The Council accepts your kill.
Your Fighting skill increases to level 6!
You swap places.
You see here a bullfrog corpse.
You butcher the bullfrog corpse.
z - 5 chunks of flesh {@w0} (gained 4)
You pick up a book of Conjurations and begin reading...
You add the spells Searing Ray, Dazzling Spray, Fulminant Prism, Force Lance and Iskenderun's Mystic Blast to your library.
Okay, then.
Okay, then.
Unknown command.
Unknown command.
You now have 183 gold pieces (gained 19).
Your quasit disappears in a puff of smoke!
A - a wand of digging (11)
You open the door.
Found a shadowy altar of Dithmenos and a stormy altar of Qazlal.
No target in view!
Found a snail-covered altar of Cheibriados.
There is an open door here.
You see here a hand axe.
As you open the door, it creaks loudly!
There is an open door here.
There is an open door here.
Found an escape hatch in the ceiling.
B - a wand of polymorph (15)
A jackal zombie comes into view.
You barely miss the jackal zombie.
You destroy the jackal zombie!
The Council accepts your kill.
Found a stone staircase leading down.
C - 2 scrolls labeled LEXZEOFUDU A hornet comes into view.
The hornet buzzes angrily.
You swap places.
The hornet stings your shadow imp!
Your shadow imp dies!
You repeatedly attack the hornet from above.
You barely miss the hornet. You miss the hornet.
You kick the hornet, but do no damage. The hornet stings you!
You suddenly lose the ability to move!
The hornet stings you!
You are poisoned.
You feel yourself slow down. The hornet stings you.
You feel as though you will be slow longer.
You feel sick. The hornet stings you!
You shrug off the repeated paralysis!
The hornet stings you!
You feel as though you will be slow longer.
You can move again.
It was a potion of might.
You feel very mighty all of a sudden.
You feel sick. The hornet misses you. The hornet stings you.
* * * LOW HITPOINT WARNING * * *
You feel as though you will be slow longer.
You hit the hornet but do no damage.
You feel sick.
The hornet stings you but does no damage.
The hornet stings you!
* * * LOW HITPOINT WARNING * * *
You are lethally poisoned!
You feel as though you will be slow longer.
Unknown command.
Unknown command.
You swap places.
* * * LOW HITPOINT WARNING * * *
You feel sick.
Your ufetubus hits the hornet but does no damage.
Your ufetubus hits the hornet. The hornet barely misses your ufetubus.
Your ufetubus hits the hornet. Your ufetubus misses the hornet.
The hornet stings your ufetubus!
Your ufetubus dies!
It was a potion of brilliance.
You feel clever all of a sudden.
* * * LOW HITPOINT WARNING * * *
You feel sick. The hornet stings you!
You die...

###############
..........@y..#
.############.## ###..#
..##.# #####.##.##
..##.##..# #########
#.##.###.##
.......###.##.###..######
..
...................>....


You could see a hornet.

Vanquished Creatures
  The ghost of grindst0ne the Sneak, an amateur SpEn (D:3)
  An ice beast (D:5)
  A centaur (D:5)
  A scorpion (D:6)
  5 crimson imps
  A jelly (D:5)
  2 orc priests (D:4)
  2 hounds
  2 orc wizards (D:4)
  2 centaur skeletons (D:4)
  An iguana (D:5)
  3 worker ants
  7 gnolls
  10 adders
  An ooze (D:1)
  An adder skeleton (D:6)
  5 worms
  2 dart slugs
  7 leopard geckos
  10 orcs
  5 ball pythons
  7 bats
  4 giant cockroaches
  2 gnoll zombies (D:2)
  4 goblins
  10 hobgoblins
  6 kobolds
  4 quokkas
  10 frilled lizards
  A jackal zombie (D:6)
  2 leopard gecko skeletons
  A quokka skeleton (D:5)
  12 rats
133 creatures vanquished.

Vanquished Creatures (collateral kills)
  An ogre (D:4)
  A bullfrog (D:6)
  A hound (D:4)
  An orc priest (D:4)
  An iguana (D:4)
  A worker ant (D:5)
  An adder (D:3)
  An orc (D:4)
8 creatures vanquished.

Grand Total: 141 creatures vanquished

Notes
Turn   | Place    | Note
-------+----------+-------------------------------------------
     0 | D:1      | Mgcat the Demonspawn Gladiator began the quest for the Orb.
     0 | D:1      | Reached XP level 1. HP: 16/16 MP: 1/1
   119 | D:1      | Reached skill level 3 in Unarmed Combat
   199 | D:1      | Gained mutation: You have large cloven feet. [demonic ancestry]
   199 | D:1      | Reached XP level 2. HP: 18/23 MP: 2/2
   707 | D:2      | Gained mutation: You are immune to rotting. [demonic ancestry]
   707 | D:2      | Reached XP level 3. HP: 23/28 MP: 3/3
   809 | D:2      | HP: 6/28 [worm (8)]
  1041 | D:2      | Reached skill level 3 in Fighting
  1072 | D:2      | Gained mutation: A weak demonic guardian rushes to your aid. [demonic ancestry]
  1072 | D:2      | Reached XP level 4. HP: 12/35 MP: 4/4
  1593 | D:2      | Found a basalt altar of Yredelemnul.
  1904 | D:2      | Reached skill level 4 in Unarmed Combat
  1966 | D:3      | Found a stormy altar of Qazlal.
  2072 | D:3      | Reached skill level 4 in Fighting
  2072 | D:3      | Gained mutation: You are partially covered in molten scales. (AC +2) [demonic ancestry]
  2072 | D:3      | Reached XP level 5. HP: 34/42 MP: 5/5
  2116 | D:3      | Learned a level 2 spell: Blink
  2139 | D:3      | Noticed grindst0ne's ghost (amateur SpEn)
  2164 | D:3      | Killed grindst0ne's ghost
  2164 | D:3      | Reached skill level 1 in Spellcasting
  2164 | D:3      | Reached skill level 1 in Translocations
  2234 | D:3      | Found a shimmering altar of Xom.
  2234 | D:3      | Found a shimmering altar of Xom.
  2235 | D:3      | Found a shimmering altar of Xom.
  2239 | D:3      | Found a shimmering altar of Xom.
  2239 | D:3      | Found a shimmering altar of Xom.
  2239 | D:3      | Found a shimmering altar of Xom.
  2264 | D:3      | Found a shimmering altar of Xom.
  2586 | D:3      | Gained mutation: You have hoof-like feet. [demonic ancestry]
  2586 | D:3      | Reached XP level 6. HP: 49/49 MP: 7/7
  2797 | D:4      | HP: 10/49 [adder (3)]
  3072 | D:4      | Found an ornate altar of the Wu Jian Council.
  3137 | D:4      | Became a worshipper of the Wu Jian Council
  3186 | D:4      | Found a staircase to the Ecumenical Temple.
  3273 | D:4      | HP: 10/50 [orc wizard/dagger (4)]
  3274 | D:4      | Reached skill level 2 in Spellcasting
  3274 | D:4      | Reached skill level 2 in Translocations
  3478 | D:4      | Gained mutation: You have hooves in place of feet. [demonic ancestry]
  3478 | D:4      | Reached XP level 7. HP: 37/55 MP: 10/10
  3486 | D:4      | Reached skill level 5 in Fighting
  3486 | D:4      | Reached skill level 5 in Unarmed Combat
  3892 | D:5      | Entered Level 5 of the Dungeon
  4049 | D:5      | Reached * piety under Wu Jian
  4092 | D:5      | Found a glowing drain.
  4105 | Sewer    | Entered a sewer
  4520 | D:5      | Found a sparkling altar of Nemelex Xobeh.
  4564 | D:5      | Reached skill level 3 in Translocations
  4570 | D:5      | Reached skill level 3 in Spellcasting
  4632 | D:5      | Reached ** piety under Wu Jian
  4632 | D:5      | Reached XP level 8. HP: 47/64 MP: 9/12
  4865 | D:5      | Found a glowing golden altar of the Shining One.
  5090 | D:6      | Found Susaova's Distillery.
  5233 | D:6      | Reached skill level 6 in Fighting
  5257 | D:6      | Found a shadowy altar of Dithmenos.
  5257 | D:6      | Found a stormy altar of Qazlal.
  5258 | D:6      | Found a snail-covered altar of Cheibriados.
  5383 | D:6      | Noticed a hornet
  5392 | D:6      | Paralysed by a hornet for 3 turns
  5395 | D:6      | HP: 16/64 [poisoned by a hornet]
  5395 | D:6      | HP: 5/64 [hornet (11)]
  5397 | D:6      | HP: 2/64 [poisoned by a hornet]
  5397 | D:6      | Slain by a hornet

Vault maps used:
D:1:      saegor_arrival_simple_a
D:2:      lemuel_zombie_altar_yredelemnul
D:3:      xom_redecorated, grunt_qazlal_clouds
D:4:      minmay_wonky_spiral, lemuel_crystal_altar,
          minmay_temple_entry_statues_pillars
D:5:      tso_altar, gup_sewer_entry_bubbles, first_ration,
          nemelex_spade_bored_becter
D:6:      kennysheep_mini, gammafunk_temple_overflow_claw, serial_shops,
          nicolae_shop_statue_plus
Sewer:    sewer_co_cracked_pipes

Skill      XL: |  1  2  3  4  5  6  7  8 |
---------------+-------------------------+-----
Unarmed Combat | 3 4 5 |  5.8
Fighting       | 3 4 5 6 |  6.0
Spellcasting   | 1 2 3 |  3.6
Translocations | 1 2 3 |  3.6
Throwing       | |  1.7
Dodging        | |  2.6

Action                   |  1- 3 |  4- 6 |  7- 9 || total
-------------------------+-------+-------+-------++-------
Melee: Unarmed           |   116 |   298 |   200 ||   614
       Kick              |    24 |    76 |    50 ||   150
       Punch             |     2 |     1 |     6 ||     9
Invok: Lunge             |       |     2 |    22 ||    24
       Whirlwind         |       |       |    32 ||    32
       Wall Jump         |       |       |     1 ||     1
  Use: Potion            |       |     1 |     2 ||     3
 Stab: Sleeping          |     1 |       |       ||     1
       Distracted        |       |       |     2 ||     2
  Eat: Chunk             |       |     9 |     6 ||    15
Armor: Leather armour    |    28 |       |       ||    28
       Ring mail         |    15 |   120 |    56 ||   191
Dodge: Dodged            |    78 |   125 |    90 ||   293

Table legend:
 A = Spawn XP
 B = Non-spawn XP
 C = Spawn XP percentage of total XP
 D = Spawn monster count
 E = Non-spawn monster count
 F = Spawn count percentage of total count
 G = Total turns spent on level
                    A         B        C        D         E        F      G
               +---------+---------+-------+---------+---------+-------+---------
         Total |       0 |    1838 |   0.0 |       0 |     141 |   0.0 |  5397
               +---------+---------+-------+---------+---------+-------+---------
           D:1 |       0 |      34 |   0.0 |       0 |      18 |   0.0 |   689
           D:2 |       0 |     131 |   0.0 |       0 |      33 |   0.0 |  1299
           D:3 |       0 |     218 |   0.0 |       0 |      15 |   0.0 |   727
           D:4 |       0 |     528 |   0.0 |       0 |      28 |   0.0 |  1197
           D:5 |       0 |     639 |   0.0 |       0 |      27 |   0.0 |   879
           D:6 |       0 |     261 |   0.0 |       0 |       7 |   0.0 |   360
         Sewer |       0 |      27 |   0.0 |       0 |      13 |   0.0 |   246
               +---------+---------+-------+---------+---------+-------+---------

Vault maps used:
D:1:      saegor_arrival_simple_a
D:2:      lemuel_zombie_altar_yredelemnul
D:3:      xom_redecorated, grunt_qazlal_clouds
D:4:      minmay_wonky_spiral, lemuel_crystal_altar,
          minmay_temple_entry_statues_pillars
D:5:      tso_altar, gup_sewer_entry_bubbles, first_ration,
          nemelex_spade_bored_becter
D:6:      kennysheep_mini, gammafunk_temple_overflow_claw, serial_shops,
          nicolae_shop_statue_plus
Sewer:    sewer_co_cracked_pipes

Table legend:
 A = Turns spent in this place as a percentage of turns spent in the entire game.
 B = Non-inter-level travel turns spent in this place as a percentage of non-inter-level travel turns spent in the entire game.
 C = Inter-level travel turns spent in this place as a percentage of turns spent in this place.
 D = Turns resting spent in this place as a percentage of non-inter-level travel turns spent in this place.
 E = Turns spent auto-exploring this place as a percentage of non-inter-level travel turns spent in this place.
 F = Non-inter-level travel turns spent in this place divided by the number of levels of this place that you've seen.
                   A       B       C       D       E      F
               +-------+-------+-------+-------+-------+----------------------
         Total | 100.0 | 100.0 |   3.2 |   0.0 |  77.0 | 746.6
       Dungeon |  95.4 |  95.3 |   3.3 |   0.0 |  77.9 | 830.0
         Sewer |   4.6 |   4.7 |   0.0 |   0.0 |  58.5 | 246.0
               +-------+-------+-------+-------+-------+----------------------

Table legend:
 A = Kills in this place as a percentage of kills in entire the game.
 B = Kills by you in this place as a percentage of kills by you in the entire game.
 C = Kills by friends in this place as a percentage of kills by friends in the entire game.
 D = Other kills in this place as a percentage of other kills in the entire game.
 E = Experience gained in this place as a percentage of experience gained in the entire game.
 F = Experience gained in this place divided by the number of levels of this place that you have seen.
                   A       B       C       D       E      F
               +-------+-------+-------+-------+-------+----------------------
         Total | 100.0 | 100.0 | 100.0 |   N/A | 100.0 | 262.6
       Dungeon |  90.8 |  90.2 | 100.0 |   N/A |  98.5 | 301.8
         Sewer |   9.2 |   9.8 |   0.0 |   N/A |   1.5 |  27.0
               +-------+-------+-------+-------+-------+----------------------
